 Dungeon Crawl Stone Soup version 0.32-a0-41-gec2d92a32c (webtiles) character file.

Game seed: 4814782943235803304

135 porpoise the Shooter (level 5, -1/32 HPs)
             Began as a Kobold Hunter on Jan 26, 2024.
             Slain by a gnoll
             ... wielding a +0 spear
              (8 damage)
             ... on level 3 of the Dungeon.
             The game lasted 00:03:31 (1973 turns).

porpoise the Shooter (Kobold Hunter)                Turns: 1973, Time: 00:03:32

Health: -1/32      AC:  4    Str:  8    XL:     5   Next: 42%
Magic:  5/5        EV: 19    Int: 11    God:
Gold:   57         SH:  0    Dex: 20    Spells: 4/4 levels left

rFire   . . .        a - +0 shortbow
rCold   . . .        (shield currently unavailable)
rNeg    . . .        c - +0 leather armour
rPois   .            (no helmet)
rElec   .            (no cloak)
rCorr   .            (no gloves)
SInv    .            k - +0 pair of boots
Will    .....        (no amulet)
Stlth   ++++         f - +5 ring of evasion
HPRegen 0.25/turn    (no ring)
MPRegen 0.09/turn

%: no passive effects
@: no status effects
A: small, no large weapons, nightstalker 3
a: no special abilities


You were on level 3 of the Dungeon.
You visited 1 branch of the dungeon, and saw 3 of its levels.

You collected 57 gold pieces.

Inventory:

Hand Weapons
 a - a +0 shortbow (weapon)
 b - a +0 rapier
Missiles
 g - 5 poisoned darts
Armour
 c - a +0 leather armour (worn)
 k - a +0 pair of boots (worn)
Jewellery
 f - a +5 ring of evasion (left hand)
Scrolls
 e - a scroll of teleportation {unknown}
 h - a scroll of butterflies
 l - a scroll of immolation {unknown}
 m - a scroll of poison {unknown}
 o - a scroll of amnesia {unknown}
Potions
 d - 3 potions of invisibility {unknown}
 i - a potion of magic {unknown}
 j - a potion of brilliance {unknown}
 n - a potion of curing {unknown}
 p - a potion of degeneration {unknown}


   Skills:
 + Level 3.3 Fighting
 * Level 7.0 Ranged Weapons
 - Level 2.4 Dodging
 + Level 3.6 Stealth


You had 4 spell levels left.
You didn't know any spells.
Your spell library contained the following spells:

 Spells                   Type           Power      Damage    Failure   Level
 Stone Arrow              Conj/Erth      0%         3d7       83%         3
 Animate Armour           Summ/Erth      0%         N/A       99%         4
 Lehudib's Crystal Spear  Conj/Erth      0%         10d2      100%        8


Dungeon Overview and Level Annotations

Branches:
Dungeon (3/15)

Altars:


Innate Abilities, Weirdness & Mutations

You are small and have problems with some larger weapons.
You are completely attuned to the shadows.


Message History

You hear a shout!
A gnoll comes into view. It is wielding a +0 spear.
The gnoll hits you from afar with a +0 spear.
The gnoll hits you but does no damage.
You shoot an arrow. The arrow hits the gnoll!
You kill the gnoll!
A gnoll comes into view. It is wielding a +0 club.
The gnoll misses you.
The gnoll hits you from afar with a +0 spear.
You are too injured to fight recklessly!
You are too injured to fight recklessly!
You are too injured to fight recklessly!
Unknown command.
You are too injured to fight recklessly!
Fire: a) +0 shortbow
Press: ? - help, Q - select action, (/) - cycle Shift-Dir - straight line, f - gnoll
Aim: a gnoll, wielding a +0 spear (69% to hit)
You shoot an arrow. The arrow hits the gnoll.
The gnoll is lightly wounded.
The gnoll hits you from afar with a +0 spear.
Fire: a) +0 shortbow
Press: ? - help, Q - select action, (/) - cycle Shift-Dir - straight line, f/p - gnoll
Aim: a gnoll, wielding a +0 spear (lightly wounded, 69% to hit)
You shoot an arrow. The arrow hits the gnoll.
The gnoll is heavily wounded.
The gnoll hits you from afar with a +0 spear.
* * * LOW HITPOINT WARNING * * *
Fire: a) +0 shortbow
Press: ? - help, Q - select action, (/) - cycle Shift-Dir - straight line, f/p - gnoll
Aim: a gnoll, wielding a +0 spear (heavily wounded, 69% to hit)
You shoot an arrow. The arrow hits the gnoll!
You kill the gnoll!
Your Ranged Weapons skill increases to level 7!
Fire: a) +0 shortbow
Press: ? - help, Q - select action, (/) - cycle Shift-Dir - straight line, f - gnoll
Aim: a gnoll, wielding a +0 spear (69% to hit)
You shoot an arrow. The arrow closely misses the gnoll.
The arrow hits the gnoll but does no damage.
The gnoll hits you from afar with a +0 spear!
You die...

... .g. #g# #)# #@#
####.#### ........#
#######.# #.#..# ##.#
#.#..# ##.†#### #.#..#
#.#.....
####.#..########......
#.............##...###


You could see 2 gnolls.

Vanquished Creatures
  2 gnolls (D:3)
  5 adders
  2 dart slugs
  A ribbon worm (D:2)
  An orc (D:2)
  4 bats
  7 endoplasms
  4 giant cockroaches
  2 goblins (D:1)
  2 hobgoblins
  7 jackals
  6 kobolds
  2 quokkas
  8 ball pythons
  A frilled lizard (D:1)
  6 rats
60 creatures vanquished.

Notes
Turn   | Place    | Note
-------+----------+-------------------------------------------
     0 | D:1      | porpoise the Kobold Hunter began the quest for the Orb.
     0 | D:1      | Reached XP level 1. HP: 12/12 MP: 1/1
   152 | D:1      | Reached XP level 2. HP: 18/18 MP: 2/2
   354 | D:1      | Reached XP level 3. HP: 22/22 MP: 3/3
   522 | D:1      | Reached skill level 6 in Ranged Weapons
   727 | D:2      | Reached XP level 4. HP: 27/27 MP: 4/4
  1584 | D:2      | Reached XP level 5. HP: 32/32 MP: 5/5
  1973 | D:3      | Reached skill level 7 in Ranged Weapons
  1973 | D:3      | Slain by a gnoll

Illustrated notes

Levels and vault maps discovered:
D:1:      eino_arrival_water_cross, layout_rooms, chequers_garden,
          dreamdust_princess_corridor
D:2:      minmay_angry_zag, layout_basic
D:3:      layout_loops_ring, amcnicky_altar_gilded,
          mainiacjoe_overflow_alcove_1, slow_altar_1,
          shapermc_ecumenical_altar_petra, biasface_ghost_orc_armoury,
          uniq_natasha

Skill      XL: |  1  2  3  4  5 |
---------------+----------------+-----
Stealth        | 2 3 |  3.6
Ranged Weapons | 6 7 |  7.0
Fighting       | 3 |  3.3
Dodging        | |  2.4

Action                     |  1- 3 |  4- 6 || total
---------------------------+-------+-------++-------
   Fire: Shortbow          |    74 |    99 ||   173
 Armour: Leather armour    |    15 |    29 ||    44
  Dodge: Dodged            |    22 |    58 ||    80

Table legend: (Time is in decaauts)
 A = Elapsed time spent in this place.
 B = Non-inter-level travel time spent in this place.
 C = Inter-level travel time spent in this place.
 D = Time resting spent in this place.
 E = Time spent auto-exploring this place.
 F = Levels seen in this place.
 G = Mean time per level.
                   A        B        C        D        E       F      G
               +--------+--------+--------+--------+--------+-----+--------+
         Total |   1995 |   1929 |     66 |    425 |   1201 |   3 |  665.0 |
       Dungeon |   1995 |   1929 |     66 |    425 |   1201 |   3 |  665.0 |
               +--------+--------+--------+--------+--------+-----+--------+

Top non-repeatable levels by time:
     D:2: 1191 daAuts
     D:1: 707 daAuts
     D:3: 95 daAuts
